 Dungeon Crawl Stone Soup version 0.32-a0-329-ge6c31236d6 (webtiles) character file.

Game seed: 9917225345300753033

11 Bravepunisher the Ducker (level 2, 0/16 HPs)
             Began as a Spriggan Monk on Feb 16, 2024.
             Slain by an iguana (12 damage)
             ... on level 4 of the Dungeon.
             The game lasted 00:01:01 (322 turns).

Bravepunisher the Ducker (Spriggan Monk)             Turns: 322, Time: 00:01:01

Health: 0/16       AC:  2    Str:  7    XL:     2   Next: 17%
Magic:  3/3        EV: 19    Int: 11    God:
Gold:   16         SH:  0    Dex: 17    Spells: 1/1 levels left

rFire   . . .        a - +0 short sword
rCold   . . .        (no shield)
rNeg    . . .        b - +0 robe
rPois   .            (helmet restricted)
rElec   .            (no cloak)
rCorr   .            (gloves unavailable)
SInv    +            (boots unavailable)
Will    .....        (no amulet)
Stlth   ++           (no ring)
HPRegen 0.22/turn    (no ring)
MPRegen 0.08/turn

%: no passive effects
@: very quick
A: very small, no large weapons, unfitting armour, see invisible, speed 3
a: no special abilities


You were on level 4 of the Dungeon.
You visited 1 branch of the dungeon, and saw 4 of its levels.

You collected 16 gold pieces.

Inventory:

Hand Weapons
 a - a +0 short sword (weapon)
Armour
 b - a +0 robe (worn)
Potions
 c - a potion of ambrosia


   Skills:
 + Level 2.6 Fighting
 - Level 3.2 Short Blades
 * Level 4.6 Dodging


You had one spell level left.
You didn't know any spells.
Your spell library was empty.

Dungeon Overview and Level Annotations

Branches:
Dungeon (4/15)
 Temple: D:4-7

Altars:

Shops:
D:4 [


Innate Abilities, Weirdness & Mutations

You are very small and have problems with some larger weapons.
You are too small for most types of armour.
You have supernaturally acute eyesight. (SInv)
You cover ground extremely quickly. (Speed+++)


Message History

The kobold misses you.
You hit the kobold.
You kill the kobold!
There is a stone staircase leading down, spattered with blood here.
You see here a +0 dagger.
You climb downwards.
Found a stone staircase leading down.
There is a stone staircase leading up here.
You open the large door.
Found a short jewelled staff.
There is a stone staircase leading down here.
You climb downwards.
Found 8 stones.
There is a stone staircase leading up here.
As you open the door, it creaks loudly!
Found Xuofur's Antique Armour Shop.
There is an open door here.
There is an entrance to Xuofur's Antique Armour Shop here.
You open the door.
There is an open door here.
There is an entrance to Xuofur's Antique Armour Shop here.
You open the door.
There is an open door here.
Found an escape hatch in the floor.
You see here 8 stones.
You now have 16 gold pieces.
A phantom comes into view.
Found a stone staircase leading up.
The phantom attacks as it pursues you! The phantom hits you!
The phantom blinks!
You blink.
An endoplasm comes into view.
Found a chain mail.
Unknown command.
An iguana comes into view.
The iguana hisses angrily.
Found a bubbling clear potion.
A bombardier beetle comes into view.
The iguana attacks as it pursues you! The iguana bites you!
Ouch! That really hurt!
You die...

#....# #....#
#B...################
####...................#
.......................#
........................
........................
......!@l..............[
#####+##.........W......
#................
##+###+###+######


You could see a bombardier beetle and an iguana.

Vanquished Creatures
  A bat (D:1)
  An endoplasm (D:1)
  2 kobolds
  A quokka (D:1)
  A rat (D:1)
6 creatures vanquished.

Notes
Turn   | Place    | Note
-------+----------+-------------------------------------------
     0 | D:1      | Bravepunisher the Spriggan Monk began the quest for the
                  | Orb.
     0 | D:1      | Reached XP level 1. HP: 11/11 MP: 2/2
   151 | D:1      | Reached XP level 2. HP: 9/16 MP: 3/3
   245 | D:4      | Found Xuofur's Antique Armour Shop.
   292 | D:4      | Noticed a phantom
   318 | D:4      | Noticed a bombardier beetle
   322 | D:4      | Slain by an iguana

Illustrated notes

Levels and vault maps discovered:
D:1:      lightli_arrival_maybe_door_vault, layout_loops_corners, serial_rivers,
          chequers_serial_rivers_micro_b, chequers_serial_rivers_micro_a,
          chequers_serial_rivers_large_b, chequers_serial_rivers_large_a,
          chequers_serial_rivers_small_3, chequers_serial_rivers_small_3,
          minmay_misc_feat_tiny
D:2:      layout_loops_corners, serial_forest, infiniplex_forest_corner_1,
          infiniplex_forest_lined_ring, infiniplex_forest_clump_medium,
          infiniplex_forest_clump_cross, infiniplex_forest_straight_2,
          infiniplex_forest_clump_tiny, infiniplex_forest_lined_2,
          lemuel_flame_loot_1
D:3:      lemuel_castle_with_subvaults [lemuel_castle_interior_original],
          layout_loops_ring, hellmonk_okawaru_the_only_friend_you_need,
          serial_shops, nicolae_shop_tiny_statue_garden,
          kennysheep_big_empty_room, minmay_lizard_king
D:4:      cheibrodos_old_hovel, layout_gridville, lemuel_crystal_altar,
          serial_shops, shop, kennysheep_mini_moat, shop

Action                     || total
---------------------------++-------
  Melee: Short sword       ||    36
 Armour: Robe              ||    10
  Dodge: Dodged            ||    23

Table legend: (Time is in decaauts)
 A = Elapsed time spent in this place.
 B = Non-inter-level travel time spent in this place.
 C = Inter-level travel time spent in this place.
 D = Time resting spent in this place.
 E = Time spent auto-exploring this place.
 F = Levels seen in this place.
 G = Mean time per level.
                   A        B        C        D        E       F      G
               +--------+--------+--------+--------+--------+-----+--------+
         Total |    242 |    242 |      0 |      0 |    143 |   4 |   60.5 |
       Dungeon |    242 |    242 |      0 |      0 |    143 |   4 |   60.5 |
               +--------+--------+--------+--------+--------+-----+--------+

Top non-repeatable levels by time:
     D:1: 173 daAuts
     D:4: 50 daAuts
     D:2: 9 daAuts
     D:3: 9 daAuts
